NULL
Full Scoreboard »»

Capitals vs Jets

Created - April 28, 2024 at 23:52

Goals
1 2 3 OT1 T
Capitals 0 0 1 1 2
Jets 1 0 0 0 1
Shots
1 2 3 OT1 T
Capitals 4 14 11 5 34
Jets 10 17 12 3 42

GoalsPenalties
1st period
1. Jets , Casey Mittelstadt 21 (Jordan Staal 31, Conor Garland 25) at 7:21
Vince Dunn (WPG) for Slashing (Minor) at 10:26
2nd period
No Goal
No Penalty
3rd period
2. Capitals , Alex Ovechkin 20 (Zach Benson 38, Nick Holden 14) at 19:31
Alex Ovechkin (WAS) for Tripping (Minor) at 3:14
Vince Dunn (WPG) for Roughing (Minor) at 6:43
Esa Lindell (WPG) for Fighting (Major) at 11:05
Matt Martin (WAS) for Fighting (Major) at 11:05
Anthony Cirelli (WAS) for Roughing (Double Minor) at 14:22
Overtime #1
3. Capitals , Joshua Norris 22 (Filip Chytil 11, Alex Iafallo 29) at 4:57
No Penalty
Goalie Stats
Filip Gustavsson (WAS), 41 saves from 42 shots - (0.976), W, 21-23-6, 64:29 minutes
Ville Husso (WPG), 32 saves from 34 shots - (0.941), OTL, 24-21-10, 64:57 minutes
3 StarsOfficial
1 - Filip Gustavsson (WAS)
2 - Casey Mittelstadt (WPG)
3 - Joshua Norris (WAS)
Referees : Unknown
Linesman : Unknown
Game Note
Esa Lindell and Matt Martin fight to a draw at 11:05 of 3rd period



Team Name Goals Shots Shots Attemp Shots Blocked PIM HIT PP PK FO%
Capitals 234611711280 / 2 (0%)045%
Jets 1428499400 / 3 (0%)055%

Capitals
Player Name POS G A P +/- PIM HIT SHT SB MP PP MP PP SHT PK MP PK SHT FO% FOT GA TA
Alex IafalloLW/RW0110023120:081:4801:2600% 101
Alex OvechkinLW/RW1010223020:412:1000:0000% 010
Alex PietrangeloD0001021223:562:1002:3800% 010
Anthony CirelliC/LW/RW000-1419018:460:1100:57057% 2121
Calvin de HaanD0000020319:160:0002:3800% 002
Chad RuhwedelC/LW/RW0000021113:410:0002:2700% 000
David SavardD0000011222:161:4803:0500% 001
Filip ChytilC/LW/RW0111030117:091:4800:0000% 100
Jesper FrodenRW000001007:070:0000:0000% 000
Joshua NorrisC/LW/RW1011026016:411:4802:29050% 1210
Kiefer SherwoodC/LW/RW000001218:300:0001:2300% 000
Leon DraisaitlC/RW0001002119:542:1000:00045% 2200
Matt MartinLW/RW0000510112:160:0001:5000% 101
Nick HoldenD0110001118:291:4800:1500% 021
P.K. SubbanD0000000222:502:1003:0500% 001
Stefan NoesenC/LW/RW000003008:560:0001:24020% 510
Zach BensonLW0110025020:041:5900:0000% 100
Zach BogosianD0000030118:100:0000:1500% 002
Jets
Player Name POS G A P +/- PIM HIT SHT SB MP PP MP PP SHT PK MP PK SHT FO% FOT GA TA
Anthony BeauvillierLW000-1023017:240:4800:0000% 110
Blake LizotteC0000023016:110:4800:00063% 2411
Casey MittelstadtC/LW/RW1011061015:472:2900:000100% 102
Chris TierneyC/LW/RW000-101109:261:0000:000100% 110
Conor GarlandLW/RW0110014016:512:2900:00050% 200
Esa LindellD0000503018:401:4302:1500% 011
Jonas BrodinD000-1021325:213:1302:2100% 001
Jordan StaalC/LW/RW0111042019:192:2901:56056% 901
Josh BaileyC/LW/RW000-1001016:190:0300:06050% 400
Kyle ConnorLW0000043019:362:4101:5900% 110
Mark ScheifeleC0000025019:362:4101:59050% 1620
Matt RoyD0000032321:462:1902:1000% 001
Nick LeddyD0000004217:591:2700:0600% 000
Nikita ZaitsevD0000022116:480:0001:0400% 000
Sam GagnerC/LW/RW000003107:470:0000:0000% 101
Sam ReinhartC/RW000-1015019:422:2601:56033% 300
Vince DunnD0000460024:313:1400:0000% 020
Zach Aston-ReeseC/LW/RW000001107:470:0000:000100% 110

Capitals

5 vs 5 Forward
Line #Left WingCenterRight WingPHYDFOFWanted %Time %Time Play
1Zach BensonAnthony CirelliAlex Ovechkin1223432%15:51
2Alex IafalloLeon DraisaitlFilip Chytil1223231%15:17
3Chad RuhwedelJoshua NorrisMatt Martin1222423%11:13
4Kiefer SherwoodStefan NoesenJesper Froden1221014%7:07
5 vs 5 Defense
Line #DefenseDefensePHYDFOFWanted %Time %Time Play
1Alex PietrangeloP.K. Subban1223432%15:55
2David SavardCalvin de Haan1223333%16:21
3Zach BogosianNick Holden1223332%16:00
4Alex PietrangeloZach Bogosian12202%1:12
Power Play Forward
Line #Left WingCenterRight WingPHYDFOFWanted %Time %Time Play
1Zach BensonLeon DraisaitlAlex Ovechkin1136555%2:10
2Alex IafalloJoshua NorrisFilip Chytil1223545%1:48
Power Play Defense
Line #DefenseDefensePHYDFOFWanted %Time %Time Play
1Alex PietrangeloP.K. Subban1225055%2:10
2Nick HoldenDavid Savard1225045%1:48
Penalty Kill 4 Players Forward
Line #CenterWingPHYDFOFWanted %Time %Time Play
1Anthony CirelliChad Ruhwedel1225055%3:18
2Joshua NorrisMatt Martin1225045%2:40
Penalty Kill 4 Players Defense
Line #DefenseDefensePHYDFOFWanted %Time %Time Play
1P.K. SubbanDavid Savard1225052%3:05
2Calvin de HaanAlex Pietrangelo1225048%2:53
Penalty Kill 3 Players
Line #WingPHYDFOFWanted %Time %Time PlayDefenseDefensePHYDFOFWanted %Time %Time Play
1Leon Draisaitl122500%0:00 Alex PietrangeloCalvin de Haan122500%0:00
2Anthony Cirelli122500%0:00 P.K. SubbanDavid Savard122500%0:00
4 vs 4 Forward
Line #CenterWingPHYDFOFWanted %Time %Time Play
1Leon DraisaitlAlex Ovechkin122500%0:00
2Anthony CirelliAlex Iafallo122500%0:00
4 vs 4 Defense
Line #DefensePHYDFOFWanted %Time %Time Play
1Alex PietrangeloNick Holden122500%0:00
2P.K. SubbanDavid Savard122500%0:00
Last Minutes Offensive
Left WingCenterRight WingDefenseDefense
Zach BensonLeon DraisaitlAlex OvechkinAlex PietrangeloP.K. Subban
Last Minutes Defensive
Left WingCenterRight WingDefenseDefense
Alex IafalloAnthony CirelliLeon DraisaitlAlex PietrangeloP.K. Subban
Time
Total ForwardTotal DefenseLast Minutes OffensiveLast Minutes Defensive
60:00 60:00 0:360:00
Extra Forwards
Normal PowerPlayPenalty Kill
Joshua Norris, Zach Benson, Stefan NoesenZach Benson, Anthony CirelliStefan Noesen
Extra Defensemen
Normal PowerPlayPenalty Kill
Calvin de Haan, Nick Holden, P.K. SubbanCalvin de Haan, Nick HoldenP.K. Subban
Penalty Shots
Zach Benson, Alex Ovechkin, Leon Draisaitl, Filip Chytil, Joshua Norris
Goalie
Filip Gustavsson, Kevin Lankinen
Custom OT Lines Forwards
Leon Draisaitl, Alex Ovechkin, Alex Iafallo, Anthony Cirelli, Joshua Norris, Zach Benson, Filip Chytil, Stefan Noesen, Matt Martin, Chad Ruhwedel
Custom OT Lines Defensemen
Alex Pietrangelo, P.K. Subban, David Savard, Calvin de Haan, Nick Holden
Scratches
Albin Grewe (Healthy), Alex Vlasic (Healthy), Sam Malinski (Healthy)

Jets

5 vs 5 Forward
Line #Left WingCenterRight WingPHYDFOFWanted %Time %Time Play
1Kyle ConnorMark ScheifeleSam Reinhart1223026%12:55
2Conor GarlandJordan StaalCasey Mittelstadt1223028%13:38
3Anthony BeauvillierBlake LizotteJosh Bailey1223031%15:05
4Chris TierneySam GagnerZach Aston-Reese1221016%7:47
5 vs 5 Defense
Line #DefenseDefensePHYDFOFWanted %Time %Time Play
1Vince DunnJonas Brodin1223030%15:02
2Matt RoyEsa Lindell1223031%15:21
3Nick LeddyNikita Zaitsev1223031%15:22
4Vince DunnJonas Brodin122107%3:40
Power Play Forward
Line #Left WingCenterRight WingPHYDFOFWanted %Time %Time Play
1Kyle ConnorMark ScheifeleSam Reinhart1225051%3:03
2Conor GarlandJordan StaalCasey Mittelstadt1225049%2:55
Power Play Defense
Line #DefenseDefensePHYDFOFWanted %Time %Time Play
1Vince DunnJonas Brodin1225054%3:14
2Matt RoyEsa Lindell1225046%2:44
Penalty Kill 4 Players Forward
Line #CenterWingPHYDFOFWanted %Time %Time Play
1Mark ScheifeleKyle Connor1225050%1:59
2Sam ReinhartJordan Staal1225050%1:59
Penalty Kill 4 Players Defense
Line #DefenseDefensePHYDFOFWanted %Time %Time Play
1Vince DunnJonas Brodin1225067%2:40
2Matt RoyEsa Lindell1225033%1:18
Penalty Kill 3 Players
Line #WingPHYDFOFWanted %Time %Time PlayDefenseDefensePHYDFOFWanted %Time %Time Play
1Mark Scheifele122500%0:00 Vince DunnJonas Brodin122500%0:00
2Kyle Connor122500%0:00 Matt RoyEsa Lindell122500%0:00
4 vs 4 Forward
Line #CenterWingPHYDFOFWanted %Time %Time Play
1Mark ScheifeleKyle Connor122500%0:00
2Sam ReinhartJordan Staal122500%0:00
4 vs 4 Defense
Line #DefensePHYDFOFWanted %Time %Time Play
1Vince DunnJonas Brodin122500%0:00
2Matt RoyEsa Lindell122500%0:00
Last Minutes Offensive
Left WingCenterRight WingDefenseDefense
Kyle ConnorMark ScheifeleSam ReinhartVince DunnJonas Brodin
Last Minutes Defensive
Left WingCenterRight WingDefenseDefense
Kyle ConnorMark ScheifeleSam ReinhartVince DunnJonas Brodin
Time
Total ForwardTotal DefenseLast Minutes OffensiveLast Minutes Defensive
60:00 60:00 0:000:39
Extra Forwards
Normal PowerPlayPenalty Kill
Anthony Beauvillier, Blake Lizotte, Josh BaileyAnthony Beauvillier, Blake LizotteJosh Bailey
Extra Defensemen
Normal PowerPlayPenalty Kill
Nick Leddy, Nikita Zaitsev, Matt RoyNick Leddy, Nikita ZaitsevMatt Roy
Penalty Shots
Mark Scheifele, Kyle Connor, Sam Reinhart, Jordan Staal, Conor Garland
Goalie
Ville Husso, Mackenzie Blackwood
Custom OT Lines Forwards
Mark Scheifele, Kyle Connor, Sam Reinhart, Jordan Staal, Conor Garland, Anthony Beauvillier, Casey Mittelstadt, Blake Lizotte, Josh Bailey, Sam Gagner
Custom OT Lines Defensemen
Vince Dunn, Jonas Brodin, Matt Roy, Esa Lindell, Nick Leddy
Scratches
Jordan Oesterle (Healthy), Tomas Nosek (Healthy)


Play-by-Play

1st period


0:01 of 1st period - Mark Scheifele wins face-off versus Anthony Cirelli in neutral zone.
0:45 of 1st period - Slapshot by Joshua Norris.
0:45 of 1st period - Deflect By Chad Ruhwedel.
0:45 of 1st period - Shot Misses the Net.
0:45 of 1st period - Puck is out of play.
0:46 of 1st period - Joshua Norris wins face-off versus Blake Lizotte in Jets zone.
0:53 of 1st period - Slapshot by Joshua Norris.
0:53 of 1st period - Shot Blocked by Nick Leddy.
1:55 of 1st period - Anthony Cirelli is hit by Jonas Brodin and loses puck.
2:02 of 1st period - Slapshot by Mark Scheifele.
2:02 of 1st period - Stopped by Filip Gustavsson with a rebound.
2:35 of 1st period - Icing by Sam Gagner.
2:36 of 1st period - Zach Aston-Reese wins face-off versus Stefan Noesen in Jets zone.
2:46 of 1st period - Snap shot by Kiefer Sherwood.
2:46 of 1st period - Shot Blocked by Matt Roy.
3:04 of 1st period - Wrist shot by Sam Reinhart.
3:04 of 1st period - Stopped by Filip Gustavsson without a rebound.
3:05 of 1st period - Leon Draisaitl wins face-off versus Mark Scheifele in Capitals zone.
3:29 of 1st period - Wrist shot by Mark Scheifele.
3:29 of 1st period - Shot Misses the Net.
3:37 of 1st period - Snap shot by Kyle Connor.
3:37 of 1st period - Stopped by Filip Gustavsson without a rebound.
3:38 of 1st period - Josh Bailey wins face-off versus Zach Benson in Capitals zone.
3:53 of 1st period - Slapshot by Blake Lizotte.
3:53 of 1st period - Stopped by Filip Gustavsson without a rebound.
3:54 of 1st period - Jordan Staal wins face-off versus Joshua Norris in Capitals zone.
4:21 of 1st period - Snap shot by Jonas Brodin.
4:21 of 1st period - Shot Misses the Net.
4:23 of 1st period - Slapshot by Zach Aston-Reese.
4:23 of 1st period - Shot Misses the Net.
4:25 of 1st period - Slapshot by Vince Dunn.
4:25 of 1st period - Shot Hit the Post.
4:27 of 1st period - Slapshot by Jonas Brodin.
4:27 of 1st period - Shot Blocked by Matt Martin.
4:29 of 1st period - Slapshot by Jonas Brodin.
4:29 of 1st period - Shot Misses the Net.
4:41 of 1st period - Blake Lizotte is hit by Zach Bogosian and loses puck.
5:15 of 1st period - Snap shot by Kyle Connor.
5:15 of 1st period - Stopped by Filip Gustavsson with a rebound.
5:17 of 1st period - Snap shot by Sam Reinhart.
5:17 of 1st period - Shot Misses the Net.
6:08 of 1st period - Snap shot by Alex Iafallo.
6:08 of 1st period - Stopped by Ville Husso with a rebound.
7:12 of 1st period - Wrist shot by Zach Aston-Reese.
7:12 of 1st period - Stopped by Filip Gustavsson without a rebound.
7:13 of 1st period - Anthony Cirelli wins face-off versus Jordan Staal in Capitals zone.
7:15 of 1st period - Icing by Alex Ovechkin.
7:16 of 1st period - Jordan Staal wins face-off versus Anthony Cirelli in Capitals zone.
7:17 of 1st period - Wrist shot by Conor Garland.
7:17 of 1st period - Stopped by Filip Gustavsson with a rebound.
7:19 of 1st period - Slapshot by Jordan Staal.
7:19 of 1st period - Stopped by Filip Gustavsson with a rebound.
7:21 of 1st period - Slapshot by Casey Mittelstadt.
7:21 of 1st period - Goal by Casey Mittelstadt - Capitals : 0 - Jets : 1.
7:22 of 1st period - Blake Lizotte wins face-off versus Anthony Cirelli in neutral zone.
8:01 of 1st period - Jordan Staal is hit by Zach Bogosian and loses puck.
8:20 of 1st period - Backhand shot by Stefan Noesen.
8:20 of 1st period - Shot Misses the Net.
9:58 of 1st period - Snap shot by Anthony Beauvillier.
9:58 of 1st period - Shot Blocked by David Savard.
10:00 of 1st period - Slapshot by Josh Bailey.
10:00 of 1st period - Shot Misses the Net.
10:16 of 1st period - Snap shot by Zach Benson.
10:16 of 1st period - Shot Misses the Net.
10:18 of 1st period - Backhand shot by Anthony Cirelli.
10:18 of 1st period - Stopped by Ville Husso with a rebound.
10:20 of 1st period - Slapshot by Anthony Cirelli.
10:20 of 1st period - Stopped by Ville Husso with a rebound.
10:26 of 1st period - Minor Penalty to Vince Dunn for Slashing.
10:27 of 1st period - Leon Draisaitl wins face-off versus Mark Scheifele in Jets zone.
10:53 of 1st period - Alex Pietrangelo is hit by Matt Roy and loses puck.
12:26 of 1st period - Penalty to Vince Dunn is over, Vince Dunn is back on ice.
12:39 of 1st period - Wrist shot by Jordan Staal.
12:39 of 1st period - Shot Misses the Net.
12:51 of 1st period - Nick Leddy is hit by Kiefer Sherwood and loses puck.
13:04 of 1st period - Zach Bogosian is hit by Chris Tierney and loses puck.
14:12 of 1st period - Jonas Brodin is hit by Filip Chytil and loses puck.
15:29 of 1st period - Jesper Froden is hit by Zach Aston-Reese and loses puck.
15:53 of 1st period - Chad Ruhwedel is hit by Vince Dunn and loses puck.
16:08 of 1st period - Snap shot by Alex Iafallo.
16:08 of 1st period - Stopped by Ville Husso with a rebound.
16:22 of 1st period - Alex Ovechkin is hit by Jordan Staal and loses puck.
16:33 of 1st period - Stefan Noesen is hit by Sam Gagner and loses puck.
16:52 of 1st period - David Savard is hit by Kyle Connor and loses puck.
17:43 of 1st period - Jonas Brodin is hit by Zach Bogosian and loses puck.
17:50 of 1st period - Wrist shot by Zach Benson.
17:50 of 1st period - Shot Misses the Net.
18:04 of 1st period - Stefan Noesen is hit by Vince Dunn and loses puck.
18:15 of 1st period - Nick Leddy is hit by Jesper Froden.
18:32 of 1st period - Joshua Norris is hit by Nikita Zaitsev and loses puck.
18:55 of 1st period - Zach Benson is hit by Anthony Beauvillier and loses puck.
19:04 of 1st period - Snap shot by Josh Bailey.
19:04 of 1st period - Shot Blocked by Zach Bogosian.
19:17 of 1st period - Icing by Anthony Beauvillier.
19:18 of 1st period - Blake Lizotte wins face-off versus Leon Draisaitl in Jets zone.
19:23 of 1st period - Alex Pietrangelo is hit by Jordan Staal and loses puck.
19:30 of 1st period - Wrist shot by Casey Mittelstadt.
19:30 of 1st period - Shot Misses the Net.
19:32 of 1st period - Slapshot by Matt Roy.
19:32 of 1st period - Shot Blocked by Filip Chytil.
19:34 of 1st period - Snap shot by Matt Roy.
19:34 of 1st period - Stopped by Filip Gustavsson without a rebound.
19:35 of 1st period - Anthony Cirelli wins face-off versus Josh Bailey in Capitals zone.
Goals for this period are 0 for Capitals vs 1 for Jets.
Shots for this period are 4 for Capitals vs 10 for Jets.

2nd period


0:01 of 2nd period - Jordan Staal wins face-off versus Anthony Cirelli in neutral zone.
0:04 of 2nd period - David Savard is hit by Jordan Staal and loses puck.
0:11 of 2nd period - Wrist shot by Conor Garland.
0:11 of 2nd period - Stopped by Filip Gustavsson with a rebound.
0:13 of 2nd period - Slapshot by Jordan Staal.
0:13 of 2nd period - Shot Misses the Net.
0:15 of 2nd period - Wrist shot by Matt Roy.
0:15 of 2nd period - Stopped by Filip Gustavsson without a rebound.
0:16 of 2nd period - Leon Draisaitl wins face-off versus Mark Scheifele in Capitals zone.
0:16 of 2nd period - Leon Draisaitl is hit by Mark Scheifele.
0:28 of 2nd period - Slapshot by Mark Scheifele.
0:28 of 2nd period - Shot Blocked by Alex Iafallo.
0:42 of 2nd period - David Savard is hit by Jordan Staal.
1:34 of 2nd period - Alex Pietrangelo is hit by Sam Gagner and loses puck.
1:53 of 2nd period - Icing by Nikita Zaitsev.
1:54 of 2nd period - Mark Scheifele wins face-off versus Anthony Cirelli in Jets zone.
1:54 of 2nd period - Mark Scheifele is hit by Anthony Cirelli.
3:06 of 2nd period - Wrist shot by Anthony Cirelli.
3:06 of 2nd period - Shot Blocked by Nick Leddy.
3:48 of 2nd period - Wrist shot by Zach Benson.
3:48 of 2nd period - Stopped by Ville Husso with a rebound.
4:05 of 2nd period - Off-side.
4:06 of 2nd period - Leon Draisaitl wins face-off versus Jordan Staal in neutral zone.
4:31 of 2nd period - David Savard is hit by Blake Lizotte and loses puck.
4:57 of 2nd period - Snap shot by Vince Dunn.
4:57 of 2nd period - Shot Blocked by Calvin de Haan.
5:03 of 2nd period - Sam Gagner is hit by Stefan Noesen and loses puck.
5:14 of 2nd period - Leon Draisaitl is hit by Casey Mittelstadt and loses puck.
5:35 of 2nd period - Blake Lizotte is hit by Joshua Norris and loses puck.
6:06 of 2nd period - P.K. Subban is hit by Vince Dunn and loses puck.
6:27 of 2nd period - Icing by Blake Lizotte.
6:28 of 2nd period - Blake Lizotte wins face-off versus Stefan Noesen in Jets zone.
6:33 of 2nd period - David Savard is hit by Vince Dunn and loses puck.
6:53 of 2nd period - Alex Iafallo is hit by Vince Dunn and loses puck.
7:06 of 2nd period - Chris Tierney is hit by Chad Ruhwedel and loses puck.
7:13 of 2nd period - Snap shot by Joshua Norris.
7:13 of 2nd period - Shot Misses the Net.
7:15 of 2nd period - Snap shot by Nick Holden.
7:15 of 2nd period - Stopped by Ville Husso with a rebound.
7:18 of 2nd period - Icing by Sam Gagner.
7:19 of 2nd period - Chris Tierney wins face-off versus Leon Draisaitl in Jets zone.
7:26 of 2nd period - Wrist shot by Leon Draisaitl.
7:26 of 2nd period - Stopped by Ville Husso without a rebound.
7:27 of 2nd period - Conor Garland wins face-off versus Leon Draisaitl in Jets zone.
7:36 of 2nd period - Backhand shot by Conor Garland.
7:36 of 2nd period - Stopped by Filip Gustavsson with a rebound.
7:38 of 2nd period - Slapshot by Matt Roy.
7:38 of 2nd period - Shot Misses the Net.
7:40 of 2nd period - Backhand shot by Esa Lindell.
7:40 of 2nd period - Shot Blocked by Leon Draisaitl.
7:42 of 2nd period - Slapshot by Esa Lindell.
7:42 of 2nd period - Stopped by Filip Gustavsson without a rebound.
7:43 of 2nd period - Blake Lizotte wins face-off versus Anthony Cirelli in Capitals zone.
8:08 of 2nd period - Filip Chytil is hit by Casey Mittelstadt and loses puck.
8:29 of 2nd period - Wrist shot by Mark Scheifele.
8:29 of 2nd period - Stopped by Filip Gustavsson with a rebound.
8:31 of 2nd period - Slapshot by Esa Lindell.
8:31 of 2nd period - Stopped by Filip Gustavsson without a rebound.
8:32 of 2nd period - Mark Scheifele wins face-off versus Joshua Norris in Capitals zone.
8:59 of 2nd period - Jonas Brodin is hit by Calvin de Haan and loses puck.
9:07 of 2nd period - Icing by Chad Ruhwedel.
9:08 of 2nd period - Joshua Norris wins face-off versus Blake Lizotte in Capitals zone.
9:13 of 2nd period - Wrist shot by Joshua Norris.
9:13 of 2nd period - Deflect By Chad Ruhwedel.
9:13 of 2nd period - Stopped by Ville Husso without a rebound.
9:14 of 2nd period - Anthony Cirelli wins face-off versus Blake Lizotte in Jets zone.
9:17 of 2nd period - Snap shot by Zach Benson.
9:17 of 2nd period - Shot Misses the Net.
9:19 of 2nd period - Snap shot by Anthony Cirelli.
9:19 of 2nd period - Deflect By Alex Ovechkin.
9:19 of 2nd period - Shot Misses the Net.
9:19 of 2nd period - Puck is out of play.
9:20 of 2nd period - Anthony Cirelli wins face-off versus Anthony Beauvillier in Jets zone.
9:25 of 2nd period - Wrist shot by Anthony Cirelli.
9:25 of 2nd period - Stopped by Ville Husso without a rebound.
9:26 of 2nd period - Blake Lizotte wins face-off versus Leon Draisaitl in Jets zone.
9:53 of 2nd period - Zach Benson is hit by Jonas Brodin and loses puck.
10:00 of 2nd period - Snap shot by Conor Garland.
10:00 of 2nd period - Shot Blocked by Alex Pietrangelo.
10:25 of 2nd period - Slapshot by Jonas Brodin.
10:25 of 2nd period - Shot Misses the Net.
10:27 of 2nd period - Slapshot by Jonas Brodin.
10:27 of 2nd period - Stopped by Filip Gustavsson without a rebound.
10:28 of 2nd period - Leon Draisaitl wins face-off versus Blake Lizotte in Capitals zone.
10:41 of 2nd period - Snap shot by Alex Iafallo.
10:41 of 2nd period - Shot Blocked by Matt Roy.
11:00 of 2nd period - Wrist shot by Joshua Norris.
11:00 of 2nd period - Stopped by Ville Husso without a rebound.
11:01 of 2nd period - Jordan Staal wins face-off versus Joshua Norris in Jets zone.
11:06 of 2nd period - Nikita Zaitsev is hit by Joshua Norris and loses puck.
11:33 of 2nd period - Blake Lizotte is hit by Alex Ovechkin and loses puck.
12:05 of 2nd period - Slapshot by Alex Pietrangelo.
12:05 of 2nd period - Stopped by Ville Husso without a rebound.
12:06 of 2nd period - Blake Lizotte wins face-off versus Leon Draisaitl in Jets zone.
12:12 of 2nd period - Slapshot by Matt Roy.
12:12 of 2nd period - Shot Blocked by Calvin de Haan.
12:14 of 2nd period - Slapshot by Anthony Beauvillier.
12:14 of 2nd period - Stopped by Filip Gustavsson with a rebound.
12:32 of 2nd period - Kyle Connor is hit by Chad Ruhwedel and loses puck.
13:01 of 2nd period - Backhand shot by Conor Garland.
13:01 of 2nd period - Shot Blocked by Kiefer Sherwood.
13:03 of 2nd period - Wrist shot by Casey Mittelstadt.
13:03 of 2nd period - Deflect By Jordan Staal.
13:03 of 2nd period - Shot Misses the Net.
13:03 of 2nd period - Puck is out of play.
13:04 of 2nd period - Blake Lizotte wins face-off versus Alex Iafallo in Capitals zone.
13:29 of 2nd period - Snap shot by Alex Ovechkin.
13:29 of 2nd period - Deflect By Anthony Cirelli.
13:29 of 2nd period - Stopped by Ville Husso with a rebound.
13:33 of 2nd period - Wrist shot by Anthony Cirelli.
13:33 of 2nd period - Stopped by Ville Husso with a rebound.
13:35 of 2nd period - Snap shot by Anthony Cirelli.
13:35 of 2nd period - Shot Blocked by Nikita Zaitsev.
13:37 of 2nd period - Wrist shot by Zach Benson.
13:37 of 2nd period - Stopped by Ville Husso with a rebound.
13:39 of 2nd period - Wrist shot by Alex Ovechkin.
13:39 of 2nd period - Stopped by Ville Husso without a rebound.
13:40 of 2nd period - Leon Draisaitl wins face-off versus Mark Scheifele in Jets zone.
14:16 of 2nd period - Snap shot by Conor Garland.
14:16 of 2nd period - Stopped by Filip Gustavsson with a rebound.
14:46 of 2nd period - Joshua Norris is hit by Sam Reinhart and loses puck.
15:14 of 2nd period - Snap shot by Chris Tierney.
15:14 of 2nd period - Shot Misses the Net.
15:28 of 2nd period - Backhand shot by Nick Leddy.
15:28 of 2nd period - Stopped by Filip Gustavsson with a rebound.
15:30 of 2nd period - Slapshot by Nick Leddy.
15:30 of 2nd period - Stopped by Filip Gustavsson without a rebound.
15:31 of 2nd period - Anthony Cirelli wins face-off versus Conor Garland in Capitals zone.
15:56 of 2nd period - Zach Benson is hit by Kyle Connor and loses puck.
16:07 of 2nd period - Snap shot by Sam Reinhart.
16:07 of 2nd period - Shot Blocked by Alex Pietrangelo.
16:09 of 2nd period - Slapshot by Mark Scheifele.
16:09 of 2nd period - Stopped by Filip Gustavsson with a rebound.
16:25 of 2nd period - Wrist shot by Blake Lizotte.
16:25 of 2nd period - Stopped by Filip Gustavsson without a rebound.
16:26 of 2nd period - Blake Lizotte wins face-off versus Leon Draisaitl in Capitals zone.
16:35 of 2nd period - Wrist shot by Anthony Beauvillier.
16:35 of 2nd period - Stopped by Filip Gustavsson with a rebound.
16:37 of 2nd period - Wrist shot by Nikita Zaitsev.
16:37 of 2nd period - Stopped by Filip Gustavsson with a rebound.
16:39 of 2nd period - Slapshot by Nikita Zaitsev.
16:39 of 2nd period - Stopped by Filip Gustavsson with a rebound.
16:41 of 2nd period - Slapshot by Nick Leddy.
16:41 of 2nd period - Stopped by Filip Gustavsson without a rebound.
16:42 of 2nd period - Joshua Norris wins face-off versus Mark Scheifele in Capitals zone.
16:49 of 2nd period - Slapshot by Joshua Norris.
16:49 of 2nd period - Stopped by Ville Husso without a rebound.
16:50 of 2nd period - Mark Scheifele wins face-off versus Matt Martin in Jets zone.
16:59 of 2nd period - Snap shot by Joshua Norris.
16:59 of 2nd period - Stopped by Ville Husso without a rebound.
17:00 of 2nd period - Leon Draisaitl wins face-off versus Jordan Staal in Jets zone.
17:03 of 2nd period - Snap shot by Alex Iafallo.
17:03 of 2nd period - Stopped by Ville Husso with a rebound.
17:05 of 2nd period - Snap shot by Filip Chytil.
17:05 of 2nd period - Shot Blocked by Jonas Brodin.
17:07 of 2nd period - Slapshot by David Savard.
17:07 of 2nd period - Shot Misses the Net.
17:09 of 2nd period - Wrist shot by Filip Chytil.
17:09 of 2nd period - Shot Blocked by Jonas Brodin.
17:11 of 2nd period - Slapshot by David Savard.
17:11 of 2nd period - Shot Misses the Net.
17:13 of 2nd period - Slapshot by David Savard.
17:13 of 2nd period - Shot Misses the Net.
17:22 of 2nd period - Icing by Vince Dunn.
17:23 of 2nd period - Blake Lizotte wins face-off versus Anthony Cirelli in Jets zone.
17:36 of 2nd period - Slapshot by Zach Benson.
17:36 of 2nd period - Shot Misses the Net.
17:38 of 2nd period - Snap shot by Anthony Cirelli.
17:38 of 2nd period - Shot Misses the Net.
18:13 of 2nd period - Zach Bogosian is hit by Casey Mittelstadt and loses puck.
19:04 of 2nd period - Zach Benson is hit by Matt Roy and loses puck.
19:17 of 2nd period - Slapshot by Sam Reinhart.
19:17 of 2nd period - Shot Misses the Net.
19:19 of 2nd period - Slapshot by Nikita Zaitsev.
19:19 of 2nd period - Deflect By Kyle Connor.
19:19 of 2nd period - Shot Blocked by Calvin de Haan.
19:19 of 2nd period - Puck is out of play.
19:20 of 2nd period - Casey Mittelstadt wins face-off versus Filip Chytil in Capitals zone.
19:29 of 2nd period - Jonas Brodin is hit by Filip Chytil.
19:45 of 2nd period - Sam Reinhart is hit by Alex Iafallo and loses puck.
19:54 of 2nd period - Wrist shot by Kyle Connor.
19:54 of 2nd period - Shot Misses the Net.
Goals for this period are 0 for Capitals vs 0 for Jets.
Shots for this period are 14 for Capitals vs 17 for Jets.

3rd period


0:01 of 3rd period - Anthony Cirelli wins face-off versus Blake Lizotte in neutral zone.
0:06 of 3rd period - Snap shot by Zach Benson.
0:06 of 3rd period - Stopped by Ville Husso without a rebound.
0:07 of 3rd period - Blake Lizotte wins face-off versus Anthony Cirelli in Jets zone.
0:07 of 3rd period - Blake Lizotte is hit by Alex Pietrangelo.
0:58 of 3rd period - Snap shot by Matt Roy.
0:58 of 3rd period - Shot Blocked by P.K. Subban.
1:00 of 3rd period - Slapshot by Sam Gagner.
1:00 of 3rd period - Stopped by Filip Gustavsson without a rebound.
1:01 of 3rd period - Mark Scheifele wins face-off versus Anthony Cirelli in Capitals zone.
1:08 of 3rd period - Snap shot by Sam Reinhart.
1:08 of 3rd period - Stopped by Filip Gustavsson with a rebound.
1:10 of 3rd period - Wrist shot by Sam Reinhart.
1:10 of 3rd period - Stopped by Filip Gustavsson with a rebound.
1:28 of 3rd period - Conor Garland is hit by David Savard and loses puck.
1:35 of 3rd period - Slapshot by Esa Lindell.
1:35 of 3rd period - Stopped by Filip Gustavsson with a rebound.
1:55 of 3rd period - Snap shot by Chris Tierney.
1:55 of 3rd period - Deflect By Sam Gagner.
1:55 of 3rd period - Shot Misses the Net.
1:55 of 3rd period - Puck is out of play.
1:56 of 3rd period - Anthony Cirelli wins face-off versus Sam Gagner in Capitals zone.
2:01 of 3rd period - Slapshot by Nick Leddy.
2:01 of 3rd period - Deflect By Chris Tierney.
2:01 of 3rd period - Stopped by Filip Gustavsson without a rebound.
2:02 of 3rd period - Anthony Cirelli wins face-off versus Blake Lizotte in Capitals zone.
2:16 of 3rd period - Icing by Josh Bailey.
2:17 of 3rd period - Blake Lizotte wins face-off versus Leon Draisaitl in Jets zone.
2:48 of 3rd period - Alex Ovechkin is hit by Anthony Beauvillier and loses puck.
3:07 of 3rd period - Wrist shot by Anthony Beauvillier.
3:07 of 3rd period - Stopped by Filip Gustavsson with a rebound.
3:09 of 3rd period - Snap shot by Anthony Beauvillier.
3:09 of 3rd period - Shot Blocked by Chad Ruhwedel.
3:11 of 3rd period - Snap shot by Josh Bailey.
3:11 of 3rd period - Deflect By Blake Lizotte.
3:11 of 3rd period - Deflect By Joshua Norris.
3:11 of 3rd period - Shot Blocked by Nick Holden.
3:11 of 3rd period - Puck is out of play.
3:12 of 3rd period - Anthony Cirelli wins face-off versus Kyle Connor in Capitals zone.
3:14 of 3rd period - Minor Penalty to Alex Ovechkin for Tripping.
3:15 of 3rd period - Anthony Cirelli wins face-off versus Mark Scheifele in Capitals zone.
3:15 of 3rd period - Anthony Cirelli is hit by Kyle Connor.
5:14 of 3rd period - Penalty to Alex Ovechkin is over, Alex Ovechkin is back on ice.
5:15 of 3rd period - Jonas Brodin is hit by Stefan Noesen and loses puck.
5:30 of 3rd period - Snap shot by Blake Lizotte.
5:30 of 3rd period - Stopped by Filip Gustavsson with a rebound.
5:32 of 3rd period - Slapshot by Nick Leddy.
5:32 of 3rd period - Stopped by Filip Gustavsson without a rebound.
5:33 of 3rd period - Leon Draisaitl wins face-off versus Blake Lizotte in Capitals zone.
6:05 of 3rd period - Zach Bogosian is hit by Sam Gagner.
6:43 of 3rd period - Minor Penalty to Vince Dunn for Roughing.
6:44 of 3rd period - Sam Reinhart wins face-off versus Leon Draisaitl in Jets zone.
6:44 of 3rd period - Sam Reinhart is hit by Alex Pietrangelo.
7:49 of 3rd period - Filip Chytil is hit by Nikita Zaitsev and loses puck.
7:56 of 3rd period - Jonas Brodin is hit by Filip Chytil and loses puck.
8:43 of 3rd period - Penalty to Vince Dunn is over, Vince Dunn is back on ice.
8:59 of 3rd period - Icing by Nikita Zaitsev.
9:00 of 3rd period - Blake Lizotte wins face-off versus Stefan Noesen in Jets zone.
9:05 of 3rd period - Slapshot by Blake Lizotte.
9:05 of 3rd period - Shot Blocked by David Savard.
9:07 of 3rd period - Slapshot by Nikita Zaitsev.
9:07 of 3rd period - Shot Misses the Net.
9:09 of 3rd period - Snap shot by Josh Bailey.
9:09 of 3rd period - Stopped by Filip Gustavsson without a rebound.
9:10 of 3rd period - Stefan Noesen wins face-off versus Blake Lizotte in Capitals zone.
9:33 of 3rd period - Snap shot by Kiefer Sherwood.
9:33 of 3rd period - Shot Misses the Net.
9:35 of 3rd period - Snap shot by Kiefer Sherwood.
9:35 of 3rd period - Stopped by Ville Husso with a rebound.
9:37 of 3rd period - Slapshot by David Savard.
9:37 of 3rd period - Deflect By Vince Dunn.
9:37 of 3rd period - Stopped by Ville Husso with a rebound.
9:39 of 3rd period - Slapshot by Stefan Noesen.
9:39 of 3rd period - Shot Misses the Net.
9:41 of 3rd period - Slapshot by Kiefer Sherwood.
9:41 of 3rd period - Stopped by Ville Husso without a rebound.
9:42 of 3rd period - Anthony Cirelli wins face-off versus Mark Scheifele in Jets zone.
9:42 of 3rd period - Anthony Cirelli is hit by Matt Roy.
9:44 of 3rd period - Snap shot by Zach Benson.
9:44 of 3rd period - Shot Blocked by Matt Roy.
10:02 of 3rd period - Matt Roy is hit by Zach Benson and loses puck.
10:19 of 3rd period - Snap shot by Jordan Staal.
10:19 of 3rd period - Stopped by Filip Gustavsson without a rebound.
10:20 of 3rd period - Leon Draisaitl wins face-off versus Jordan Staal in Capitals zone.
10:20 of 3rd period - Leon Draisaitl is hit by Conor Garland.
10:25 of 3rd period - Alex Iafallo is hit by Casey Mittelstadt and loses puck.
10:58 of 3rd period - Snap shot by Kyle Connor.
10:58 of 3rd period - Shot Misses the Net.
11:00 of 3rd period - Snap shot by Sam Reinhart.
11:00 of 3rd period - Shot Misses the Net.
11:02 of 3rd period - Slapshot by Nikita Zaitsev.
11:02 of 3rd period - Deflect By Kyle Connor.
11:02 of 3rd period - Shot Misses the Net.
11:02 of 3rd period - Puck is out of play.
11:03 of 3rd period - Blake Lizotte wins face-off versus Joshua Norris in Capitals zone.
11:05 of 3rd period - Esa Lindell and Matt Martin fight to a draw.
11:05 of 3rd period - Penalty to Esa Lindell for Fighting.
11:05 of 3rd period - Penalty to Matt Martin for Fighting.
11:06 of 3rd period - Anthony Cirelli wins face-off versus Mark Scheifele in Capitals zone.
11:13 of 3rd period - Snap shot by Mark Scheifele.
11:13 of 3rd period - Shot Blocked by P.K. Subban.
11:15 of 3rd period - Wrist shot by Sam Reinhart.
11:15 of 3rd period - Stopped by Filip Gustavsson with a rebound.
11:17 of 3rd period - Slapshot by Nick Leddy.
11:17 of 3rd period - Shot Misses the Net.
12:13 of 3rd period - Sam Gagner is hit by Calvin de Haan.
12:21 of 3rd period - Kiefer Sherwood is hit by Vince Dunn and loses puck.
12:28 of 3rd period - Jonas Brodin is hit by Stefan Noesen and loses puck.
12:45 of 3rd period - Snap shot by Mark Scheifele.
12:45 of 3rd period - Shot Hit the Post.
12:51 of 3rd period - Backhand shot by Sam Reinhart.
12:51 of 3rd period - Stopped by Filip Gustavsson with a rebound.
13:39 of 3rd period - Kiefer Sherwood is hit by Kyle Connor and loses puck.
14:13 of 3rd period - Alex Ovechkin is hit by Casey Mittelstadt and loses puck.
14:22 of 3rd period - Double Minor Penalty to Anthony Cirelli for Roughing.
14:23 of 3rd period - Jordan Staal wins face-off versus Stefan Noesen in Capitals zone.
15:37 of 3rd period - Chad Ruhwedel is hit by Mark Scheifele.
16:05 of 3rd period - Penalty to Matt Martin is over, Matt Martin is back on ice.
17:03 of 3rd period - Alex Iafallo is hit by Casey Mittelstadt and loses puck.
17:20 of 3rd period - Stefan Noesen is hit by Blake Lizotte and loses puck.
18:22 of 3rd period - Penalty to Anthony Cirelli is over, Anthony Cirelli is back on ice.
18:33 of 3rd period - Blake Lizotte is hit by Zach Benson and loses puck.
18:46 of 3rd period - Matt Roy is hit by Alex Iafallo and loses puck.
19:03 of 3rd period - Capitals, Filip Gustavsson is pulled from the net.
19:03 of 3rd period - Backhand shot by Alex Ovechkin.
19:03 of 3rd period - Shot Misses the Net.
19:05 of 3rd period - Snap shot by Leon Draisaitl.
19:05 of 3rd period - Stopped by Ville Husso with a rebound.
19:07 of 3rd period - Snap shot by Zach Benson.
19:07 of 3rd period - Stopped by Ville Husso without a rebound.
19:08 of 3rd period - call a timeout for Capitals.
19:08 of 3rd period - Leon Draisaitl wins face-off versus Josh Bailey in Jets zone.
19:11 of 3rd period - Snap shot by Zach Benson.
19:11 of 3rd period - Deflect By Alex Ovechkin.
19:11 of 3rd period - Stopped by Ville Husso without a rebound.
19:12 of 3rd period - Josh Bailey wins face-off versus Leon Draisaitl in Jets zone.
19:25 of 3rd period - Backhand shot by Alex Ovechkin.
19:25 of 3rd period - Shot Misses the Net.
19:27 of 3rd period - Slapshot by Nick Holden.
19:27 of 3rd period - Shot Blocked by Jonas Brodin.
19:29 of 3rd period - Wrist shot by Zach Benson.
19:29 of 3rd period - Stopped by Ville Husso with a rebound.
19:31 of 3rd period - Wrist shot by Alex Ovechkin.
19:31 of 3rd period - Goal by Alex Ovechkin - Capitals : 1 - Jets : 1.
19:31 of 3rd period - Filip Gustavsson from Capitals was sent back in the game.
19:32 of 3rd period - Blake Lizotte wins face-off versus Joshua Norris in neutral zone.
19:32 of 3rd period - Anthony Beauvillier is hit by Matt Martin and loses puck.
19:41 of 3rd period - Slapshot by Joshua Norris.
19:41 of 3rd period - Stopped by Ville Husso with a rebound.
19:43 of 3rd period - Snap shot by Joshua Norris.
19:43 of 3rd period - Stopped by Ville Husso without a rebound.
19:44 of 3rd period - Blake Lizotte wins face-off versus Joshua Norris in Jets zone.
19:46 of 3rd period - Icing by Anthony Beauvillier.
19:47 of 3rd period - Joshua Norris wins face-off versus Blake Lizotte in Jets zone.
Goals for this period are 1 for Capitals vs 0 for Jets.
Shots for this period are 11 for Capitals vs 12 for Jets.

Overtime #1


0:01 of 1st overtime period - Mark Scheifele wins face-off versus Leon Draisaitl in neutral zone.
0:08 of 1st overtime period - Wrist shot by Kyle Connor.
0:08 of 1st overtime period - Stopped by Filip Gustavsson without a rebound.
0:09 of 1st overtime period - Mark Scheifele wins face-off versus Leon Draisaitl in Capitals zone.
1:39 of 1st overtime period - Snap shot by Zach Benson.
1:39 of 1st overtime period - Shot Hit the Post.
2:13 of 1st overtime period - Matt Roy is hit by Alex Ovechkin and loses puck.
2:21 of 1st overtime period - Icing by Matt Roy.
2:22 of 1st overtime period - Joshua Norris wins face-off versus Sam Reinhart in Jets zone.
2:25 of 1st overtime period - Wrist shot by Anthony Cirelli.
2:25 of 1st overtime period - Stopped by Ville Husso without a rebound.
2:26 of 1st overtime period - Joshua Norris wins face-off versus Sam Reinhart in Jets zone.
2:27 of 1st overtime period - Wrist shot by Anthony Cirelli.
2:27 of 1st overtime period - Stopped by Ville Husso without a rebound.
2:28 of 1st overtime period - Mark Scheifele wins face-off versus Leon Draisaitl in Jets zone.
2:39 of 1st overtime period - Wrist shot by Kyle Connor.
2:39 of 1st overtime period - Shot Misses the Net.
2:41 of 1st overtime period - Slapshot by Vince Dunn.
2:41 of 1st overtime period - Shot Misses the Net.
2:43 of 1st overtime period - Wrist shot by Mark Scheifele.
2:43 of 1st overtime period - Stopped by Filip Gustavsson with a rebound.
2:45 of 1st overtime period - Snap shot by Mark Scheifele.
2:45 of 1st overtime period - Stopped by Filip Gustavsson with a rebound.
2:57 of 1st overtime period - Snap shot by Anthony Cirelli.
2:57 of 1st overtime period - Stopped by Ville Husso with a rebound.
3:05 of 1st overtime period - Wrist shot by Anthony Cirelli.
3:05 of 1st overtime period - Stopped by Ville Husso with a rebound.
4:01 of 1st overtime period - Wrist shot by Anthony Cirelli.
4:01 of 1st overtime period - Shot Misses the Net.
4:57 of 1st overtime period - Snap shot by Joshua Norris.
4:57 of 1st overtime period - Goal by Joshua Norris - Capitals : 2 - Jets : 1.
Goals for this period are 1 for Capitals vs 0 for Jets.
Shots for this period are 5 for Capitals vs 3 for Jets.